 Dungeon Crawl Stone Soup version 0.19.1-1-g22dce08 (webtiles) character file.

255 Venfury the Chopper (level 5, -11/52 HPs)
             Began as a Troll Berserker on Jan 5, 2017.
             Was a Believer of Trog.
             Killed from afar by an orc (22 damage)
             ... with an exploding inner flame
             ... hexed by the player character
             ... on level 4 of the Dungeon.
             The game lasted 00:31:02 (2982 turns).

Venfury the Chopper (Troll Berserker)               Turns: 2982, Time: 00:31:02

Health: -11/52     AC:  7    Str: 24 (25) XL:     5   Next: 91%
Magic:  4/4        EV: 10    Int:  2 (4)  God:    Trog [**....]
Gold:   130        SH:  0    Dex:  7 (9)  Spells: 0 memorised, 4 levels left

rFire  . . .     SeeInvis .     g - +3 hand axe
rCold  . . .     Gourm    +     b - +0 animal skin
rNeg   . . .     Faith    .     (no shield)
rPois  .         Spirit   .     (helmet restricted)
rElec  .         Reflect  .     e - +1 cloak {MR+}
rCorr  .         Harm     .     (gloves unavailable)
MR     +....                    (boots unavailable)
Stlth  +.........               (no amulet)
                                (no ring)
                                (no ring)

@: no status effects
A: unfitting armour, claws 3, fast metabolism 3, gourmand, regeneration 1,
shaggy fur 1, tough skin 2
a: Berserk, Trog's Hand, Burn Spellbooks, Renounce Religion


You were on level 4 of the Dungeon.
You worshipped Trog.
Trog was pleased with you.
You were not hungry.

You visited 1 branch of the dungeon, and saw 4 of its levels.

You collected 130 gold pieces.

Inventory:

Hand Weapons
 g - a +3 hand axe (weapon)
 j - a +1 dagger of speed
 r - a +0 blowgun
 s - a +1 whip of draining
Missiles
 t - 36 poisoned needles (quivered)
Armour
 b - a +0 animal skin (worn)
 e - a +1 cloak of magic resistance (worn)
Jewellery
 v - an uncursed ring of resist corrosion {unknown}
Scrolls
 a - a scroll of teleportation {unknown}
 k - a scroll of immolation
 q - a scroll of remove curse {unknown}
 u - 2 scrolls of random uselessness {unknown}
Potions
 d - a potion of resistance
 h - 2 potions of curing
 n - a potion of cure mutation {unknown}
 w - 2 potions of brilliance {unknown}
 x - a potion of heal wounds {unknown}
Comestibles
 c - 2 bread rations
 o - 3 chunks of flesh
 p - a royal jelly


   Skills:
 + Level 2.9 Fighting
 + Level 4.5 Axes
 + Level 3.5 Dodging


You had 4 spell levels left.
You didn't know any spells.

Dungeon Overview and Level Annotations

Branches:
Dungeon (4/15)
 Temple: D:4-7

Altars:
Cheibriados
Dithmenos
Hepliaklqana
Kikubaaqudgha
Ru
Sif Muna
The Shining One

Annotations:
D:4 Eustachio, Pikel


Innate Abilities, Weirdness & Mutations

You are too large for most types of armour.
You have claws for hands.
Your metabolism is lightning-fast.
You like to eat raw meat.
Your natural rate of healing is unusually fast.
You are covered in fur. (AC +1)
You have very tough skin. (AC +2)


Message History

The orc hits you with a dagger.
* * * LOW HITPOINT WARNING * * *
The orc priest barely misses you.
You hit the orc priest but do no damage.
The orc priest is almost dead.
You hit the orc.
Your skin stops crawling.
You feel less resistant to hostile enchantments.
The orc hits you but does no damage.
The orc priest begins to cast a cantrip, but forgets the words!
You closely miss the orc priest.
The orc priest is almost dead.
You hit the orc but do no damage. The orc closely misses you.
The orc priest barely misses you.
You hit the orc priest.
The orc priest explodes!
The fiery explosion engulfs the orc.
The orc explodes!
The fiery explosion engulfs you!
You die...

#....########.#### #.
#...........#. ..
.....######.#. .#
#..### ##.## ### #..#
#...# #.. ...# #...#
#.# ...# #...#
#.####.. .#.#
#####...#####.....
...###.........§@#§§#
#.............>§§§w.#
...###.........§§#§§#
...# #####...######.#
...# #...# #$# #.##
#...# #§...ooo# #.#
#...# ####.#### #)#
##.## # #.####### #.#


You could see a worm (inner flame).

Vanquished Creatures
  An ogre (D:4)
  A bullfrog skeleton (D:3)
  A worker ant (D:3)
  3 gnolls (D:3)
  An adder (D:3)
  A worm (D:3)
  A dart slug (D:2)
  8 leopard geckos
  3 orcs
  6 giant cockroaches
  4 goblins
  5 hobgoblins
  10 kobolds
  A quokka (D:4)
  A ball python (D:3)
  7 bats
  9 frilled lizards
  10 rats
73 creatures vanquished.

Notes
Turn   | Place    | Note
-------+----------+-------------------------------------------
     0 | D:1      | Venfury the Troll Berserker began the quest for the Orb.
     0 | D:1      | Reached XP level 1. HP: 22/22 MP: 0/0
   246 | D:1      | Reached XP level 2. HP: 29/29 MP: 1/1
   997 | D:2      | Found a sacrificial altar of Ru.
  1016 | D:2      | Found an ancient bone altar of Kikubaaqudgha.
  1072 | D:2      | Reached XP level 3. HP: 36/36 MP: 2/2
  1163 | D:2      | Reached ** piety under Trog
  1282 | D:2      | Reached skill level 3 in Axes
  1315 | D:2      | Found a deep blue altar of Sif Muna.
  1316 | D:2      | Found a glowing golden altar of the Shining One.
  1318 | D:2      | Found a hazy altar of Hepliaklqana.
  1318 | D:2      | Found a snail-covered altar of Cheibriados.
  1324 | D:2      | Found a shadowy altar of Dithmenos.
  2179 | D:3      | Reached XP level 4. HP: 31/44 MP: 3/3
  2406 | D:3      | Reached skill level 4 in Axes
  2406 | D:3      | Reached XP level 5. HP: 44/50 MP: 4/4
  2733 | D:4      | Noticed an ogre
  2747 | D:4      | Killed an ogre
  2878 | D:4      | Noticed Eustachio
  2879 | D:4      | Noticed a slave
  2880 | D:4      | Noticed Pikel
  2880 | D:4      | Noticed a slave
  2982 | D:4      | Killed from afar by an orc

Skill      XL: |  1  2  3  4 |
---------------+-------------+-----
Axes           | 3 4 |  4.5
Dodging        | 3 |  3.5
Fighting       | |  2.9

Action                   |  1- 3 |  4- 6 || total
-------------------------+-------+-------++-------
Melee: Hand axe          |   131 |    79 ||   210
Invok: Berserk           |       |     2 ||     2
       Trog's Hand       |       |     1 ||     1
  Use: Scroll            |     3 |     5 ||     8
       Potion            |       |     3 ||     3
  Eat: Chunk             |    12 |    14 ||    26
       Bread ration      |     1 |       ||     1
Armor: Animal skin       |    58 |    31 ||    89
Dodge: Dodged            |    82 |    53 ||   135
